 Dungeon Crawl Stone Soup version 0.28-a0-6-g334057b17a (webtiles) character file.

Game seed: 12221971258806171435

147 MacCMillion the Chiller (level 5, -5/28 HPs)
             Began as a Gargoyle Ice Elementalist on July 23, 2021.
             Slain by a wight (9 damage)
             ... on level 3 of the Dungeon.
             The game lasted 00:20:37 (4389 turns).

MacCMillion the Chiller (Gargoyle Ice Elementalist) Turns: 4389, Time: 00:20:38

Health: -5/28      AC:  6    Str: 12    XL:     5   Next: 29%
Magic:  3/8        EV: 11    Int: 16    God:
Gold:   178        SH:  0    Dex: 10    Spells: 1/8 levels left

rFire   . . .      SeeInvis .   g - +0 short sword (flame)
rCold   . . .      Faith    .   (no shield)
rNeg    + . .      Spirit   .   a - +0 robe
rPois   ∞          Reflect  .   (no helmet)
rElec   +          Harm     .   (no cloak)
rCorr   .          Rampage  .   (no gloves)
Will    .....                   (no boots)
Stlth   ++........              (no amulet)
HPRegen 0.09/turn               (no ring)
MPRegen 0.11/turn               (no ring)

@: no status effects
A: sickness immunity, AC +4, negative energy resistance 1, electricity
resistance, torment resistance 1, petrification resistance
a: no special abilities


You were on level 3 of the Dungeon.
You visited 2 branches of the dungeon, and saw 5 of its levels.

You collected 178 gold pieces.

Inventory:

Hand Weapons
 b - a +0 club
 c - a +0 dagger
 g - a +0 short sword of flaming (weapon)
Armour
 a - a +0 robe (worn)
Jewellery
 l - a ring of willpower
Scrolls
 d - a scroll of torment {unknown}
 f - a scroll of blinking {unknown}
 h - a scroll of amnesia {unknown}
 k - a scroll of fear {unknown}
 m - a scroll of magic mapping {unknown}
 n - a scroll of enchant armour {unknown}
 o - a scroll of identify {unknown}
Potions
 e - 2 potions of ambrosia {unknown}
 i - a potion of mutation {unknown}
 j - a potion of curing {unknown}
 p - a potion of lignification {unknown}


   Skills:
 - Level 1.5 Dodging
 - Level 2.1 Stealth
 - Level 2.0 Spellcasting
 + Level 6.4 Ice Magic


You had one spell level left.
You knew the following spells:

 Your Spells              Type           Power      Damage    Failure   Level
a - Freeze                Ice            88%        1d10      1%          1
b - Frozen Ramparts       Ice            44%        1d6       4%          3
c - Ozocubu's Armour      Ice            22%        N/A       4%          3

Your spell library contained the following spells:

 Spells                   Type           Power      Damage    Failure   Level
 Animate Skeleton         Necr           2%         N/A       21%         1
 Pain                     Necr           4%         1d4       21%         1
 Blink                    Tloc           N/A        N/A       30%         2
 Hailstorm                Conj/Ice       11%        3d5       50%         4
 Lesser Beckoning         Tloc           0%         N/A       52%         3
 Vampiric Draining        Necr           0%         2d6       52%         3
 Freezing Cloud           Conj/Ice/Air   4%         6-21      94%         5
 Manifold Assault         Tloc           1%         N/A       99%         5
 Simulacrum               Ice/Necr       5%         N/A       100%        6
 Polar Vortex             Ice            11%        N/A       100%        9


Dungeon Overview and Level Annotations

Branches:
Dungeon (4/15)             Temple (1/1) D:4

Altars:
Cheibriados
Elyvilon
Hepliaklqana
Kikubaaqudgha
Makhleb
Nemelex Xobeh
Okawaru
Ru
Xom

Shops:
D:2 =


Innate Abilities, Weirdness & Mutations

You are immune to sickness and miasma.
Your stone body is resilient. (AC +4)
You are immune to poison.
You resist negative energy. (rN+)
You are resistant to electric shocks. (rElec)
You are resistant to unholy torment.
You are immune to petrification.


Message History

The wall freezes the wight but does no damage.
You closely miss the wight.
The wight completely resists.
The wall freezes the wight but does no damage.
The wight hits you with a +1 scimitar!
You closely miss the wight.
The wight completely resists.
The wall freezes the wight but does no damage.
The wight closely misses you.
You hit the wight but do no damage.
The wight completely resists.
The wall freezes the wight but does no damage.
The wight hits you with a +1 scimitar.
You hit the wight but do no damage.
The wight completely resists.
The wall freezes the wight but does no damage.
The wight closely misses you.
You closely miss the wight.
The wight completely resists.
The wall freezes the wight but does no damage.
The wight closely misses you.
You hit the wight. You burn the wight.
The wight is moderately damaged.
The wight completely resists.
The wall freezes the wight but does no damage.
The wight hits you with a +1 scimitar.
You hit the wight. You burn the wight.
The wight is heavily damaged.
The frozen ramparts melt away.
The wight hits you with a +1 scimitar.
You hit the wight but do no damage.
The wight is heavily damaged.
The wight barely misses you.
You hit the wight. You burn the wight.
The wight is heavily damaged.
The wight hits you with a +1 scimitar.
* * * LOW HITPOINT WARNING * * *
You hit the wight but do no damage.
The wight is heavily damaged.
The wight barely misses you.
Your icy armour will break if you move.
Continue? [Y]es or [N]o only, please.
Your icy armour will break if you move.
Continue?
Your icy armour cracks and falls away as you move.
The wight hits you with a +1 scimitar!
You die...

#>.................z.............
#................................
#####.....#..#.......<...#######.
...............##........### #.
....#.###.##...##..........#####.
....#.###......................#.
....#..........####............#.
....#..........#######.........#.
....#...........@z.............#.
....#..........................#.
....#.......###................#.
......###'### #........#)#######.
.....)....# #........#.# #.
.....###### #........#.#######.
.....# #........#.#.......
####'### #........#.#.######
#....# #####'#.(.....#


You could see a wight.

Vanquished Creatures
  An iguana (D:4)
  A hound skeleton (D:4)
  4 adders
  2 worms (D:2)
  3 dart slugs
  An orc (D:3)
  3 endoplasms
  3 giant cockroaches
  4 goblins
  10 hobgoblins
  2 quokkas
  3 ball pythons
  7 bats
  7 frilled lizards
  8 kobolds
  5 rats
64 creatures vanquished.

Notes
Turn   | Place    | Note
-------+----------+-------------------------------------------
     0 | D:1      | MacCMillion the Gargoyle Ice Elementalist began the quest
                  | for the Orb.
     0 | D:1      | Reached XP level 1. HP: 10/10 MP: 3/3
   296 | D:1      | Reached XP level 2. HP: 14/15 MP: 0/5
  1401 | D:2      | Reached XP level 3. HP: 13/19 MP: 0/6
  1501 | D:2      | Found Agoatauh's Jewellery Shop.
  1549 | D:2      | Learned a level 3 spell: Frozen Ramparts
  1568 | D:2      | Reached skill level 5 in Ice Magic
  2201 | D:2      | Reached XP level 4. HP: 24/24 MP: 4/7
  2914 | D:3      | Reached skill level 6 in Ice Magic
  3202 | D:4      | Found a staircase to the Ecumenical Temple.
  3232 | Temple   | Entered the Ecumenical Temple
  3568 | D:4      | Reached XP level 5. HP: 26/28 MP: 5/8
  4245 | D:2      | Learned a level 3 spell: Ozocubu's Armour
  4389 | D:3      | Slain by a wight

Illustrated notes

Levels and vault maps discovered:
D:1:      sevenhm_arrival_forest_fort_large_4, layout_basic,
          wander_ebering_terrifying_dragon_lair
D:2:      layout_basic, serial_shops, shop_fountains
D:3:      layout_basic, amethyst_killhole
D:4:      layout_loops_cross, amethyst_overflow_temple_binary,
          minmay_temple_entry_wispy
Temple:   compressed_dpeg_triangle_lava_temple

Skill      XL: |  1  2  3  4 |
---------------+-------------+-----
Ice Magic      | 5 6 |  6.4
Dodging        | |  1.5
Stealth        | |  2.1
Spellcasting   | |  2.0

Action                   |  1- 3 |  4- 6 || total
-------------------------+-------+-------++-------
Melee: Dagger            |     5 |       ||     5
       Short sword       |     7 |    24 ||    31
 Cast: Freeze            |    51 |    34 ||    85
       Ozocubu's Armour  |       |     1 ||     1
       Frozen Ramparts   |       |     1 ||     1
 Stab: Sleeping          |     4 |     2 ||     6
Armor: Robe              |    18 |    15 ||    33
Dodge: Dodged            |    22 |    25 ||    47

Table legend: (Time is in decaauts)
 A = Elapsed time spent in this place.
 B = Non-inter-level travel time spent in this place.
 C = Inter-level travel time spent in this place.
 D = Time resting spent in this place.
 E = Time spent auto-exploring this place.
 F = Levels seen in this place.
 G = Mean time per level.
                   A        B        C        D        E       F      G
               +--------+--------+--------+--------+--------+-----+--------+
         Total |   4395 |   4027 |    368 |    732 |   2516 |   5 |  879.0 |
       Dungeon |   4121 |   3763 |    358 |    732 |   2260 |   4 | 1030.2 |
        Temple |    273 |    263 |     10 |      0 |    256 |   1 |  273.0 |
               +--------+--------+--------+--------+--------+-----+--------+

Top non-repeatable levels by time:
     D:2: 1571 daAuts
     D:1: 1238 daAuts
     D:3: 914 daAuts
     D:4: 396 daAuts
  Temple: 273 daAuts
